 Seeded DCSS version 0.30-a0-358-g0d69a1922f (webtiles) character file.

Game seed: 12371564671554323536 (custom seed)

33012 purpskrrrp the Basher (level 13, -14/118 HPs)
             Began as a Minotaur Fighter on Nov 9, 2022.
             Was the Champion of Okawaru.
             Demolished by a death knight
             ... wielding a +4 great sword of electrocution
              (21 damage)
             ... on level 14 of the Dungeon.
             The game lasted 00:33:07 (14757 turns).

purpskrrrp the Basher (Minotaur Fighter)           Turns: 14757, Time: 00:33:08

Health: -14/118    AC: 23    Str: 26    XL:     13   Next: 34%
Magic:  13/18      EV: 10    Int:  4    God:    Okawaru [******]
Gold:   409        SH: 12    Dex: 16    Spells: 12/12 levels left

rFire   . . .      SeeInvis .    m - +9 whip "Fasol" {speed, Fly rC+}
rCold   + . .      Faith    .    c - +0 buckler
rNeg    . . .      Spirit   .    S - +0 plate armour
rPois   .          Reflect  +    (helmet unavailable)
rElec   +          Harm     +    F - scarf {repulsion}
rCorr   +          Rampage  .    J - +0 pair of gloves {Str+3}
Will    +....                    W - +1 pair of boots of Ysauf {Harm rElec}
Stlth   ..........               x - amulet of reflection
HPRegen 0.39/turn                r - ring of resist corrosion
MPRegen 0.16/turn                B - ring of Vucuom {Will+ AC+4 Slay+3}

@: finesse-ful, flying, repel missiles
A: horns 3, retaliatory headbutt, talons 1, agile 1
a: Renounce Religion, Heroism, Finesse, Duel


You were on level 14 of the Dungeon.
You worshipped Okawaru.
Okawaru was exalted by your worship.
You visited 1 branch of the dungeon, and saw 14 of its levels.
You also visited: Sewer.

You collected 787 gold pieces.
You spent 378 gold pieces at shops.

Inventory:

Hand Weapons
 a - a +1 spectral flail
 m - the +9 whip "Fasol" (weapon) {speed, Fly rC+}
   (You bought it in a shop on level 1 of the Dungeon)

   Attacks with this weapon are significantly faster.
   rC:        It protects you from cold.
   Fly:       It grants you flight.
 T - the +7 mace of Variability {chain chaos}
   (You found it on level 11 of the Dungeon)

   Each time it hits an enemy it has a different, random effect.
   It occasionally unleashes arcs of chaos on nearby creatures upon striking a
   foe.
Missiles
 k - 2 silver boomerangs
 p - 12 boomerangs of dispersal
 U - 27 poisoned darts
 V - 3 curare-tipped darts
Armour
 b - a +0 scale mail
 c - a +0 buckler (worn)
 g - a +0 cloak
 q - a +0 chain mail
 u - a +1 hat
 v - a +0 pair of boots
 F - a scarf of repulsion (worn)
 J - a +0 pair of gloves of strength (worn)
 K - a +1 cloak of stealth
 S - a +0 plate armour (worn)
 W - the +1 pair of boots of Ysauf (worn) {Harm rElec}
   (Okawaru gifted it to you on level 14 of the Dungeon)

   rElec:     It insulates you from electricity.
   Harm:      It increases damage dealt and taken.
Jewellery
 l - an amulet of guardian spirit
 r - a ring of resist corrosion (left hand)
 x - an amulet of reflection (around neck)
 A - a ring of protection from fire
 B - the ring of Vucuom (right hand) {Will+ AC+4 Slay+3}
   (You found it on level 7 of the Dungeon)

   [ring of protection]

   AC:        It affects your AC (+4).
   Slay:      It affects your accuracy & damage with ranged weapons and melee
   (+3).
   Will:      It increases your willpower.
 D - a ring of magical power
 N - a ring of protection from fire
Wands
 s - a wand of charming (6)
 w - a wand of flame (34)
 y - a wand of iceblast (9)
 C - a wand of mindburst (16)
 O - a wand of digging (5)
 R - a wand of polymorph (1)
Scrolls
 e - 3 scrolls of amnesia
 h - 5 scrolls of teleportation
 j - 8 scrolls of identify
 z - 3 scrolls of brand weapon
 I - a scroll of enchant weapon
 L - a scroll of fog
Potions
 d - 5 potions of might
 f - 5 potions of curing
 i - 2 potions of flight
 n - a potion of resistance
 o - a potion of magic
 t - 2 potions of degeneration
 G - 2 potions of ambrosia
 H - a potion of haste
 M - a potion of cancellation
 P - 4 potions of brilliance
 Q - a potion of lignification
Miscellaneous
 E - a phial of floods


   Skills:
 + Level 12.3 Fighting
 * Level 14.7 Maces & Flails
 + Level 12.3 Armour
 - Level 6.2 Dodging
 + Level 12.3 Shields
 + Level 8.0 Invocations


You had 12 spell levels left.
You didn't know any spells.
Your spell library contained the following spells:

 Spells                   Type           Power      Damage    Failure   Level
 Foxfire                  Conj/Fire      0%         2x1d4     99%         1
 Magic Dart               Conj           0%         1d3       99%         1
 Sting                    Tmut/Pois      0%         1d3       99%         1
 Cigotuvi's Dreadful Rot  Necr/Pois/Air  0%         N/A       100%        2
 Ensorcelled Hibernation  Hex/Ice        0%         N/A       100%        2
 Passwall                 Tmut/Erth      0%         N/A       100%        2
 Poisonous Vapours        Pois/Air       0%         N/A       100%        2
 Searing Ray              Conj           0%         2d4       100%        2
 Swiftness                Air            0%         N/A       100%        3
 Airstrike                Air            0%         2d(0-16)  100%        4
 Anguish                  Hex/Necr       0%         N/A       100%        4
 Fulminant Prism          Conj/Hex       0%         3d5       100%        4
 Olgreb's Toxic Radiance  Pois           0%         N/A       100%        4
 Fireball                 Conj/Fire      0%         3d3       100%        5
 Starburst                Conj/Fire      0%         6d3       100%        6
 Enfeeble                 Hex            0%         N/A       100%        7
 Summon Forest            Summ/Tloc      Unusable   N/A       N/A         5

Dungeon Overview and Level Annotations

Branches:
Dungeon (14/15)            Temple (0/1) D:6            Lair (0/5) D:10
    Orc (0/2) D:11          Sewer (visited)
 Vaults: D:13-14

Altars:
Makhleb
Nemelex Xobeh
Okawaru
Sif Muna
Xom
Yredelemnul

Shops:
D:1 [*[

Portals:
Abyss: D:11

Annotations:
D:11 2 transporters, RascalDebosk's ghost, journeyman DjVM


Innate Abilities, Weirdness & Mutations

You have a pair of large horns on your head.
You reflexively headbutt those who attack you in melee.
You have sharp toenails.
You are agile. (Dex +4, Str/Int -1)


Message History

The death knight reflects your damage back at you!
You whack the death knight! Your headbutt misses the death knight.
The death knight is moderately wounded.
The death knight reflects your damage back at you!
You completely miss the death knight. You headbutt the death knight!
The death knight is moderately wounded.
The death knight reflects your damage back at you!
The death knight hits you with a +4 great sword of electrocution!!
* * * LOW HITPOINT WARNING * * *
The phantasmal warrior hits you but does no damage.
You are too injured to fight recklessly!
You are too injured to fight recklessly!
You are too injured to fight recklessly!
You are too injured to fight recklessly!
You are too injured to fight recklessly!
You are too injured to fight recklessly!
You are too injured to fight recklessly!
You are too injured to fight recklessly!
You are too injured to fight recklessly!
You are too injured to fight recklessly!
You are too injured to fight recklessly!
You are too injured to fight recklessly!
You are too injured to fight recklessly!
You are too injured to fight recklessly!
You are too injured to fight recklessly!
You are too injured to fight recklessly!
You are too injured to fight recklessly!
You are too injured to fight recklessly!
Okay, then.
You can now deal lightning-fast blows.
The phantasmal warrior hits you!
* * * LOW HITPOINT WARNING * * *
You block the death knight's attack.
Aiming: Duel (28% risk of failure)
Press: ? - help, Dir - move target, f - death knight
Aim: a death knight, wielding a +4 great sword of electrocution and wearing a +0 plate armour (moderately wounded, reflecting injuries)
You fail to use your ability.
The phantasmal warrior hits you!
* * * LOW HITPOINT WARNING * * *
The death knight hits you with a +4 great sword of electrocution!!
You die...

..##.....##...#
...##.^.......#
........#....##
..............# ##
..............## #.##
...............###...#
................#....#
................#....#
................@p...#
.......##......##W...#
...... #......## ....#
##....## ...## #...#
#### .... ...


You could see a death knight (reflects damage) and a phantasmal warrior.

Vanquished Creatures
  5 boulder beetles
  2 centaur warriors
  A tengu warrior (D:14)
  7 death yaks (D:10)
  4 skeletal warriors (D:14)
  A phantasmal warrior (D:14)
  2 cyclopes
  2 deep elf pyromancers (D:12)
  6 ugly things (D:14)
  2 manticores
  2 gargoyles (D:7)
  An unseen horror (D:11)
  2 kobold demonologists
  An efreet (D:13)
  A rime drake (shapeshifter) (D:13)
  A freezing wraith (D:14)
  A hornet (shapeshifter) (D:13)
  7 trolls
  Grinder (D:5)
  6 slime creatures
  A shadow (D:11)
  A wyvern (shapeshifter) (D:13)
  13 yaks
  A vampire (D:11)
  3 wraiths
  3 water elementals
  2 wyverns (D:8)
  2 chaos spawn (D:11)
  A basilisk (D:13)
  3 steam dragons
  12 vampire mosquitoes
  3 acid dragons
  4 water moccasins
  5 orc warriors
  2 ice beasts
  3 sky beasts (D:7)
  6 ogres
  6 centaurs
  A phantom (D:7)
  11 kobold brigands
  7 bullfrogs
  5 gnoll sergeants
  4 scorpions
  6 wights
  9 electric eels
  8 howler monkeys
  7 hounds
  3 orc priests
  5 jellies
  3 iguanas
  Natasha (thrice) (D:2)
  An orc wizard (D:7)
  Robin (D:2)
  8 gnolls
  7 adders
  A shadow imp (D:6)
  A white imp (D:6)
  6 worms
  3 dart slugs
  22 orcs
  3 ball pythons
  14 bats
  8 endoplasms
  3 giant cockroaches
  22 goblins
  13 hobgoblins
  8 jackals
  32 kobolds
  6 quokkas
  6 frilled lizards
  4 rats
367 creatures vanquished.

Vanquished Creatures (others)
  A vault guard (D:14)
  An electric eel (D:12)
  2 kobolds (D:12)
  15 plants
19 creatures vanquished.

Grand Total: 386 creatures vanquished

Notes
Turn   | Place    | Note
-------+----------+-------------------------------------------
     0 | D:1      | purpskrrrp the Minotaur Fighter began the quest for the
                  | Orb.
     0 | D:1      | Reached XP level 1. HP: 19/19 MP: 0/0
   119 | D:1      | Found Yroa's Assorted Antiques.
   151 | D:1      | Reached skill level 3 in Maces & Flails
   211 | D:1      | Reached XP level 2. HP: 20/26 MP: 1/1
   324 | D:1      | Found Zeky's Armour Boutique.
   502 | D:1      | Reached skill level 4 in Maces & Flails
   601 | D:1      | Found Niwes's Armour Boutique.
   706 | D:1      | Reached XP level 3. HP: 23/31 MP: 2/2
  1292 | D:2      | Noticed Natasha
  1296 | D:2      | Killed Natasha
  1297 | D:2      | Reached skill level 5 in Maces & Flails
  1374 | D:2      | Reached XP level 4. HP: 39/39 MP: 3/3
  1493 | D:2      | Noticed Robin
  1514 | D:2      | Killed Robin
  1583 | D:2      | Noticed Natasha
  1595 | D:2      | Killed Natasha
  1596 | D:2      | Reached skill level 6 in Maces & Flails
  1970 | D:2      | Noticed Natasha
  1978 | D:2      | Killed Natasha
  1979 | D:2      | Reached XP level 5. HP: 33/45 MP: 2/4
  2206 | D:3      | Reached skill level 7 in Maces & Flails
  2245 | D:3      | Found a glowing drain.
  2257 | Sewer    | Entered a sewer
  2283 | Sewer    | Noticed a water moccasin
  2288 | Sewer    | Killed a water moccasin
  2289 | Sewer    | Reached skill level 8 in Maces & Flails
  2289 | Sewer    | Reached XP level 6. HP: 51/51 MP: 5/5
  2543 | D:3      | Found a shimmering blue altar of Sif Muna.
  2986 | D:4      | Reached skill level 9 in Maces & Flails
  3081 | D:4      | Reached XP level 7. HP: 57/57 MP: 6/6
  3681 | D:4      | Gained mutation: You are covered in fur. (AC +1) [potion of
                  | mutation]
  3681 | D:4      | Gained mutation: Your spells are a little harder to cast,
                  | but a little more powerful. [potion of mutation]
  3749 | D:1      | Bought a pitted whip for 180 gold pieces
  3749 | D:1      | Identified the +9 whip "Fasol" {speed, Fly rC+} (You bought
                  | it in a shop on level 1 of the Dungeon)
  3835 | D:5      | Entered Level 5 of the Dungeon
  3891 | D:5      | Reached skill level 10 in Maces & Flails
  3907 | D:5      | Noticed Grinder
  3920 | D:5      | Killed Grinder
  3921 | D:5      | Reached skill level 1 in Dodging
  3992 | D:5      | Reached XP level 8. HP: 67/67 MP: 7/7
  4182 | D:5      | Found an iron altar of Okawaru.
  4396 | D:5      | Reached skill level 5 in Fighting
  4396 | D:5      | Reached skill level 5 in Armour
  4396 | D:5      | Reached skill level 5 in Shields
  4765 | D:5      | Became a worshipper of Warmaster Okawaru
  5000 | D:5      | Reached * piety under Okawaru
  5183 | D:6      | Reached XP level 9. HP: 51/75 MP: 8/8
  5449 | D:6      | Reached skill level 11 in Maces & Flails
  5669 | D:6      | Found a staircase to the Ecumenical Temple.
  6059 | D:7      | Noticed a gargoyle
  6075 | D:7      | Killed a gargoyle
  6075 | D:7      | Reached ** piety under Okawaru
  6089 | D:7      | Reached skill level 5 in Dodging
  6091 | D:7      | Noticed a kobold demonologist
  6100 | D:7      | Killed a kobold demonologist
  6189 | D:7      | Identified the ring of Vucuom {Will+ AC+4 Slay+3}
  6550 | D:7      | Noticed a boulder beetle
  6562 | D:7      | Reached XP level 10. HP: 78/86 MP: 9/9
  6570 | D:7      | Killed a boulder beetle
  6570 | D:7      | Reached *** piety under Okawaru
  6664 | D:7      | Noticed a gargoyle
  6672 | D:7      | Killed a gargoyle
  6673 | D:7      | Reached skill level 12 in Maces & Flails
  7188 | D:8      | Reached skill level 1 in Invocations
  7398 | D:8      | Reached **** piety under Okawaru
  7546 | D:8      | Noticed a cyclops
  7559 | D:8      | Killed a cyclops
  7570 | D:8      | Found a burning altar of Makhleb.
  7855 | D:1      | Bought a +1 cloak of stealth for 198 gold pieces
  8423 | D:9      | Reached XP level 11. HP: 97/97 MP: 12/12
  8603 | D:9      | Lost mutation: You are covered in fur. (AC +1) [potion of
                  | mutation]
  8603 | D:9      | Lost mutation: Your spells are a little harder to cast, but
                  | a little more powerful. [potion of mutation]
  8603 | D:9      | Gained mutation: Armour fits poorly on your strangely
                  | shaped body. [potion of mutation]
  8603 | D:9      | Gained mutation: You have sharp toenails. [potion of
                  | mutation]
  8878 | D:10     | Entered Level 10 of the Dungeon
  8947 | D:10     | Noticed a death yak
  8951 | D:10     | Noticed a death yak
  8952 | D:10     | Found a staircase to the Lair.
  8952 | D:10     | Noticed a death yak
  8952 | D:10     | Noticed a death yak
  8953 | D:10     | Noticed a death yak
  8955 | D:10     | Noticed a death yak
  8957 | D:10     | Killed a death yak
  8960 | D:10     | Noticed a death yak
  8963 | D:10     | Reached ***** piety under Okawaru
  8976 | D:10     | Killed a death yak
  8995 | D:10     | Killed a death yak
  9007 | D:10     | Killed a death yak
  9013 | D:10     | Killed a death yak
  9014 | D:10     | Reached skill level 10 in Fighting
  9014 | D:10     | Reached skill level 10 in Armour
  9014 | D:10     | Reached skill level 10 in Shields
  9018 | D:10     | Killed a death yak
  9018 | D:10     | Received a gift from Okawaru
  9019 | D:10     | Reached skill level 5 in Invocations
  9201 | D:10     | Found a sparkling altar of Nemelex Xobeh.
  9646 | D:10     | Found a basalt altar of Yredelemnul.
  9685 | D:10     | Killed a death yak
 10213 | D:11     | Found a shimmering altar of Xom.
 10213 | D:11     | Found the +7 mace of Variability {chain chaos}
 10380 | D:11     | Got the Folio of Feathers and the Entourage
 10666 | D:11     | Received a gift from Okawaru
 10667 | D:11     | Reached XP level 12. HP: 80/107 MP: 15/15
 10903 | D:11     | Noticed RascalDebosk's ghost (journeyman DjVM)
 10927 | D:11     | Found a transporter.
 10986 | D:11     | Identified the +5 mace "Ugohum" {drain, rC+ Str+4}
 11034 | D:11     | You are sucked into a shaft and drop 2 floors!
 11101 | D:13     | Noticed a boulder beetle
 11129 | D:13     | Killed a boulder beetle
 11370 | D:11     | Found a one-way gate to the infinite horrors of the Abyss.
 11390 | D:11     | Found a transporter.
 11456 | D:11     | Found a staircase to the Orcish Mines.
 12290 | D:12     | Reached skill level 13 in Maces & Flails
 12407 | D:12     | Noticed a boulder beetle
 12432 | D:12     | Killed a boulder beetle
 12432 | D:12     | Reached ****** piety under Okawaru
 13380 | D:12     | Lost mutation: Armour fits poorly on your strangely shaped
                  | body. [potion of mutation]
 13380 | D:12     | Lost mutation: You have sharp toenails. [potion of
                  | mutation]
 13380 | D:12     | Gained mutation: You are agile. (Dex +4, Str/Int -1)
                  | [potion of mutation]
 13380 | D:12     | Gained mutation: You have sharp toenails. [potion of
                  | mutation]
 13380 | D:12     | Gained mutation: You have a pair of large horns on your
                  | head. [potion of mutation]
 13531 | D:13     | Received a gift from Okawaru
 13532 | D:13     | Noticed a centaur warrior
 13546 | D:13     | Killed a centaur warrior
 13563 | D:13     | Noticed a boulder beetle
 13581 | D:13     | Killed a boulder beetle
 14316 | D:14     | Identified the +1 pair of boots of Ysauf {Harm rElec}
                  | (Okawaru gifted it to you on level 14 of the Dungeon)
 14316 | D:14     | Received a gift from Okawaru
 14316 | D:14     | Noticed a centaur warrior
 14317 | D:14     | Reached skill level 14 in Maces & Flails
 14333 | D:14     | Reached XP level 13. HP: 89/117 MP: 14/17
 14757 | D:14     | Demolished by a death knight

Illustrated notes

Levels and vault maps discovered:
D:1:      dpeg_arrival_rhombi, layout_basic, serial_shops, shop_statue,
          nicolae_diamond_shop, shop, roderic_lattice_a
D:2:      layout_basic, uniq_natasha, uniq_robin
D:3:      layout_basic, nicolae_sif_muna_condensation,
          lightli_sewer_entry_pipes, minivault_24
D:4:      corexii_shack_village, layout_rooms
D:5:      layout_loops_ring, okawaru_trees_2, serial_bayou_pond_d, uniq_grinder
D:6:      layout_cave_pools, lemuel_temple_firewalk_a, due_unseen_surprise
D:7:      minmay_the_grid_four_pointed_star
          [minmay_the_grid_triangle_9x9_warning,
          minmay_the_grid_triangle_9x9_impossible_snake,
          minmay_the_grid_triangle_9x9_corrupted_corridor,
          minmay_the_grid_triangle_9x9_steps, minmay_the_grid_prize_trominoes],
          layout_basic, serial_aquarium, aquarium_bridge_square
          [aquarium_subvault_wall, aquarium_subvault_wall,
          aquarium_subvault_window, aquarium_subvault_bridge],
          aquarium_window_corner, aquarium_window_2, aquarium_view_2c
D:8:      layout_rooms, mainiacjoe_overflow_paths, nicolae_grassy_gnolls
D:9:      layout_basic
D:10:     layout_basic, general_overflow_altar, nicolae_overflow_hidden_temple,
          dpeg_lair_monsters, minmay_misc_feat_x, minmay_unpleasant_kobolds
D:11:     layout_irregular_city, kennysheep_orc_monster_closet_entryway,
          gammafunk_ghost_abyssal_escape, minmay_guarded_unrand_variability
D:12:     layout_basic
D:13:     layout_basic
D:14:     layout_cave_pools, ximxim_vaults_locker_room,
          nicolae_ru_the_path_less_chosen, nrook_campfire, evilmike_butchery

Skill      XL: |  1  2  3  4  5  6  7  8  9 10 11 12 13 |
---------------+----------------------------------------+-----
Maces & Flails | 3 4 5 6 8 9 10 11 12 14 | 14.7
Fighting       | 4 5 7 9 10 11 12 | 12.3
Armour         | 4 5 7 9 10 11 12 | 12.3
Dodging        | 2 3 5 6 |  6.2
Shields        | 4 5 7 9 10 11 12 | 12.3
Invocations    | 3 6 7 8 |  8.0

Action                   |  1- 3 |  4- 6 |  7- 9 | 10-12 | 13-15 || total
-------------------------+-------+-------+-------+-------+-------++-------
Melee: Flail             |    67 |   154 |    45 |       |       ||   266
       Headbutt          |    10 |    13 |    45 |   160 |    36 ||   264
       Whip              |       |       |   204 |   664 |    97 ||   965
       Great mace        |       |       |       |     3 |       ||     3
Throw: Dart              |       |    10 |   110 |    17 |       ||   137
       Boomerang         |       |       |       |     9 |       ||     9
Invok: Heroism           |       |       |       |    10 |     1 ||    11
       Finesse           |       |       |       |       |     1 ||     1
  Use: Scroll            |       |     8 |     7 |    11 |       ||    26
       Potion            |       |     1 |     1 |     5 |       ||     7
Armor: Scale mail        |    44 |    74 |    18 |       |       ||   136
       Chain mail        |       |       |    59 |    46 |       ||   105
       Plate armour      |       |       |       |   108 |    10 ||   118
Dodge: Dodged            |    36 |    66 |    40 |   103 |    23 ||   268
       Repelled          |       |       |       |     5 |       ||     5
Block: Buckler           |    17 |    41 |    38 |   185 |    25 ||   306
       Reflection        |       |       |     4 |    17 |     3 ||    24

Table legend: (Time is in decaauts)
 A = Elapsed time spent in this place.
 B = Non-inter-level travel time spent in this place.
 C = Inter-level travel time spent in this place.
 D = Time resting spent in this place.
 E = Time spent auto-exploring this place.
 F = Levels seen in this place.
 G = Mean time per level.
                   A        B        C        D        E       F      G
               +--------+--------+--------+--------+--------+-----+--------+
         Total |  14252 |  12960 |   1292 |    738 |   9868 |  15 |  950.1 |
       Dungeon |  14167 |  12875 |   1292 |    738 |   9820 |  14 | 1011.9 |
         Sewer |     84 |     84 |      0 |      0 |     48 |   1 |   84.0 |
               +--------+--------+--------+--------+--------+-----+--------+

Top non-repeatable levels by time:
    D:12: 1592 daAuts
    D:10: 1500 daAuts
     D:7: 1205 daAuts
     D:1: 1192 daAuts
     D:5: 1183 daAuts
    D:11: 1152 daAuts
     D:3: 987 daAuts
     D:2: 970 daAuts
    D:13: 893 daAuts
     D:6: 862 daAuts
     D:4: 827 daAuts
     D:9: 812 daAuts
     D:8: 612 daAuts
    D:14: 374 daAuts
   Sewer: 84 daAuts
